BSA
NEVADA NOISE @ AUSTIN RIVER SHARKS
08/31/2027
 
TOP OF THE 1ST
Los Cabos Cartel batting - Pitching for Austin River Sharks : RHP Troy Lynn
Pitching: RHP Troy Lynn
Batting: LHB José Román 0-0: Foul Ball, location: 2F
0-1: Ball
1-1: Ball
2-1: Ball
3-1: Base on Balls
Batting: RHB Stephen Wilson 0-0: Called Strike
0-1: Ground out 5-3 (Groundball, 25)
José Román to second
Batting: SHB Julián Madrid 0-0: Ball
1-0: Foul Ball, location: 2F
1-1: Ground out 6-3 (Groundball, 56D)
Batting: RHB Edward Young 0-0: Called Strike
0-1: Foul Ball, location: 2F
0-2: Fly out, F6 (Popup, 6S)
Top of the 1st over - 0 run(s), 0 hit(s), 0 error(s), 1 left on base; Los Cabos 0 - Austin 0
BOTTOM OF THE 1ST
Austin River Sharks batting - Pitching for Los Cabos Cartel : RHP Jing-xiang Fa
Pitching: RHP Jing-xiang Fa
Batting: RHB Eric Neal 0-0: Ball
1-0: Ball
2-0: Foul Ball, location: 2F
2-1: Ball
3-1: Swinging Strike
3-2: Foul Ball, location: 2F
3-2: Strikes out swinging
Batting: RHB Carlos Guzmán 0-0: Called Strike
0-1: Foul Ball, location: 2F
0-2: Ground out 6-3 (Groundball, 6)
Batting: SHB Juan Castro 0-0: Called Strike
0-1: Ball
1-1: Ball
2-1: SINGLE (Line Drive, 8RS)
Batting: LHB Pedro Zaragoza 0-0: Ball
1-0: Foul Ball, location: 2F
1-1: SINGLE (Groundball, 3D)
Juan Castro to second
Runner from 2nd tries for 3rd, SAFE, throw made to third
Batting: RHB Kenneth Roberts 0-0: SINGLE (Groundball, 34D)
Juan Castro scores
Pedro Zaragoza to second
Runner from 2nd tries for 3rd, SAFE, no throw
Batting: LHB Harry Pitts 0-0: Ball
1-0: Ball
2-0: Ball
3-0: Base on Balls
Kenneth Roberts to second
Batting: RHB Orlando Bruno 0-0: Ball
1-0: Called Strike
1-1: Ball
2-1: Foul Ball, location: 2F
2-2: Ground out 1-3 (Groundball, 15S)
Bottom of the 1st over - 1 run(s), 3 hit(s), 0 error(s), 3 left on base; Los Cabos 0 - Austin 1
TOP OF THE 2ND
Los Cabos Cartel batting - Pitching for Austin River Sharks : RHP Troy Lynn
Batting: LHB Willie Wallace 0-0: Fly out, F7 (Flyball, 78S)
Batting: LHB Tom Waller 0-0: Called Strike
0-1: SINGLE (Line Drive, 7LS)
Batting: SHB Javier Villegas 0-0: Called Strike
0-1: SINGLE (Line Drive, 5D)
Tom Waller to second
Batting: LHB Pablo Reyes 0-0: Ball
1-0: Foul Ball, location: 2F
1-1: Ball
2-1: Fly out, F8 (Flyball, 89XD)
Runner from 2nd tags up, SAFE at 3rd, no throw
Batting: RHB Vern Carlton 0-0: Ball
1-0: SINGLE (Groundball, 4MD)
Tom Waller scores
Javier Villegas to second
Batting: LHB José Román 0-0: Ground out 4-3 (Groundball, 34)
Top of the 2nd over - 1 run(s), 3 hit(s), 0 error(s), 2 left on base; Los Cabos 1 - Austin 1
BOTTOM OF THE 2ND
Austin River Sharks batting - Pitching for Los Cabos Cartel : RHP Jing-xiang Fa
Batting: RHB Clark Hodge 0-0: Called Strike
0-1: Called Strike
0-2: SINGLE (Groundball, 56D)
Batting: SHB Juan Acevado 0-0: Fielders Choice at 2nd, 4-6 (Groundball, 4)
Batting: RHB Eric Neal 0-0: Called Strike
0-1: Ball
1-1: Ball
2-1: Swinging Strike
2-2: Strikes out looking
Batting: RHB Carlos Guzmán 0-0: Ball
1-0: Called Strike
1-1: Ball
2-1: Foul Ball, location: 2F
2-2: Ball
3-2: Foul Ball, location: 2F
3-2: Ground out 5-3 (Groundball, 5L)
Bottom of the 2nd over - 0 run(s), 1 hit(s), 0 error(s), 1 left on base; Los Cabos 1 - Austin 1
TOP OF THE 3RD
Los Cabos Cartel batting - Pitching for Austin River Sharks : RHP Troy Lynn
Batting: RHB Stephen Wilson 0-0: Foul Ball, location: 2F
0-1: Foul Ball, location: 2F
0-2: Ball
1-2: SINGLE (Groundball, 6MS) (infield hit)
Batting: SHB Julián Madrid 0-0: Called Strike
0-1: Foul Ball, location: 2F
0-2: Ball
1-2: Ball
2-2: Foul Ball, location: 2F
2-2: Fly out, F9 (Flyball, 9S)
Batting: RHB Edward Young 0-0: Called Strike
0-1: SINGLE (Groundball, 6MS) (infield hit)
Stephen Wilson to second
Batting: LHB Willie Wallace 0-0: Called Strike
0-1: Called Strike
0-2: Strikes out swinging
Batting: LHB Tom Waller 0-0: Ball
1-0: Foul Ball, location: 2F
1-1: Ball
2-1: Ground out U3 (Groundball, 34)
Top of the 3rd over - 0 run(s), 2 hit(s), 0 error(s), 2 left on base; Los Cabos 1 - Austin 1
BOTTOM OF THE 3RD
Austin River Sharks batting - Pitching for Los Cabos Cartel : RHP Jing-xiang Fa
Batting: SHB Juan Castro 0-0: Ball
1-0: Called Strike
1-1: Ball
2-1: Ball
3-1: Base on Balls
Batting: LHB Pedro Zaragoza 0-0: Ball
1-0: Ball
2-0: Swinging Strike
2-1: SINGLE (Groundball, 34D)
Juan Castro to second
Batting: RHB Kenneth Roberts 0-0: Ground out 5-3 (Groundball, 56S)
Juan Castro to third
Pedro Zaragoza to second
Batting: LHB Harry Pitts 0-0: Ball
1-0: Foul Ball, location: 2F
1-1: Foul Ball, location: 2F
1-2: Ball
2-2: Foul Ball, location: 2F
2-2: Foul Ball, location: 2F
2-2: Ground out U3 (Groundball, 34)
Juan Castro scores
Pedro Zaragoza to third
Batting: RHB Orlando Bruno 0-0: Foul Ball, location: 2F
0-1: Ball
1-1: SINGLE (Groundball, 56D)
Pedro Zaragoza scores
Batting: RHB Clark Hodge 0-0: Ball
Orlando Bruno steals 2nd base
1-0: Ball
2-0: Swinging Strike
2-1: Ground out 6-3 (Groundball, 6)
Bottom of the 3rd over - 2 run(s), 2 hit(s), 0 error(s), 1 left on base; Los Cabos 1 - Austin 3
TOP OF THE 4TH
Los Cabos Cartel batting - Pitching for Austin River Sharks : RHP Troy Lynn
Batting: SHB Javier Villegas 0-0: Ball
1-0: Ball
2-0: Ball
3-0: Called Strike
3-1: Swinging Strike
3-2: Foul Ball, location: 2F
3-2: Base on Balls
Batting: LHB Pablo Reyes 0-0: Ball
1-0: Fly out, F8 (Flyball, 8LD)
Batting: RHB Vern Carlton 0-0: Ground out 5-3 (Groundball, 5S)
Javier Villegas to second
Batting: LHB José Román 0-0: Ball
1-0: Foul Ball, location: 2F
1-1: Swinging Strike
1-2: Ball
2-2: Ball
3-2: Foul Ball, location: 2F
3-2: Foul Ball, location: 2F
3-2: Fly out, F7 (Flyball, 7LM)
Top of the 4th over - 0 run(s), 0 hit(s), 0 error(s), 1 left on base; Los Cabos 1 - Austin 3
BOTTOM OF THE 4TH
Austin River Sharks batting - Pitching for Los Cabos Cartel : RHP Jing-xiang Fa
Batting: SHB Juan Acevado 0-0: Ball
1-0: Ball
2-0: Called Strike
2-1: Swinging Strike
2-2: Fly out, F8 (Flyball, 89S)
Batting: RHB Eric Neal 0-0: Called Strike
0-1: Single, Error in OF, E8, batter to second base
Batting: RHB Carlos Guzmán 0-0: Ball
1-0: Foul Ball, location: 2F
1-1: Foul Ball, location: 2F
1-2: Ground out 6-3 (Groundball, 6)
Batting: SHB Juan Castro 0-0: Ball
1-0: Ground out 4-3 (Groundball, 4)
Bottom of the 4th over - 0 run(s), 1 hit(s), 1 error(s), 1 left on base; Los Cabos 1 - Austin 3
TOP OF THE 5TH
Los Cabos Cartel batting - Pitching for Austin River Sharks : RHP Troy Lynn
Batting: RHB Stephen Wilson 0-0: Called Strike
0-1: Called Strike
0-2: Ball
1-2: Ball
2-2: Strikes out swinging
Batting: SHB Julián Madrid 0-0: Ball
1-0: Called Strike
1-1: Called Strike
1-2: Foul Ball, location: 2F
1-2: Fly out, F7 (Flyball, 78S)
Batting: RHB Edward Young 0-0: Fly out, F7 (Flyball, 7S)
Top of the 5th over - 0 run(s), 0 hit(s), 0 error(s), 0 left on base; Los Cabos 1 - Austin 3
BOTTOM OF THE 5TH
Austin River Sharks batting - Pitching for Los Cabos Cartel : RHP Jing-xiang Fa
Batting: LHB Pedro Zaragoza 0-0: Ball
1-0: Foul Ball, location: 2F
1-1: Ball
2-1: Foul Ball, location: 2F
2-2: Strikes out swinging
Batting: RHB Kenneth Roberts 0-0: Ball
1-0: Called Strike
1-1: Ground out 6-3 (Groundball, 6M)
Batting: LHB Harry Pitts 0-0: Called Strike
0-1: Ball
1-1: Ball
2-1: Swinging Strike
2-2: Ball
3-2: Base on Balls
Pitching: RHP Pedro Hernández
Batting: RHB Orlando Bruno 0-0: Ball
1-0: Ball
2-0: Ball
3-0: Base on Balls
Harry Pitts to second
Batting: RHB Clark Hodge 0-0: Called Strike
0-1: Swinging Strike
0-2: Strikes out swinging
Bottom of the 5th over - 0 run(s), 0 hit(s), 0 error(s), 2 left on base; Los Cabos 1 - Austin 3
TOP OF THE 6TH
Los Cabos Cartel batting - Pitching for Austin River Sharks : RHP Troy Lynn
Batting: LHB Willie Wallace 0-0: Called Strike
0-1: Ball
1-1: Fly out, F9 (Flyball, 89S)
Batting: LHB Tom Waller 0-0: Called Strike
0-1: SINGLE (Groundball, 4S) (infield hit)
Pinch Runner at 1st Stanley Mullins:
Batting: SHB Javier Villegas 0-0: Ball
1-0: Swinging Strike
1-1: Ball
2-1: Ball
3-1: DOUBLE (Flyball, 7LD)
Stanley Mullins to third
Runner from 3rd tries for Home, SAFE, no throw
Batting: LHB Pablo Reyes 0-0: Ball
1-0: Ball
2-0: Ball
3-0: Called Strike
3-1: Base on Balls
Batting: RHB Vern Carlton 0-0: Ball
1-0: Foul Ball, location: 2F
1-1: Foul Ball, location: 2F
1-2: Strikes out swinging
Batting: LHB José Román 0-0: Called Strike
0-1: Ground out 1-3 (Groundball, 13S)
Top of the 6th over - 1 run(s), 2 hit(s), 0 error(s), 2 left on base; Los Cabos 2 - Austin 3
BOTTOM OF THE 6TH
Austin River Sharks batting - Pitching for Los Cabos Cartel : RHP Pedro Hernández
Now at 1B: Stanley Mullins
Batting: SHB Juan Acevado 0-0: Ball
1-0: Foul Ball, location: 2F
1-1: Called Strike
1-2: Strikes out swinging
Batting: RHB Eric Neal 0-0: Ball
1-0: Swinging Strike
1-1: Swinging Strike
1-2: Ball
2-2: Strikes out swinging
Batting: RHB Carlos Guzmán 0-0: Fly out, F8 (Flyball, 89M)
Bottom of the 6th over - 0 run(s), 0 hit(s), 0 error(s), 0 left on base; Los Cabos 2 - Austin 3
TOP OF THE 7TH
Los Cabos Cartel batting - Pitching for Austin River Sharks : RHP Troy Lynn
Pitching: RHP Tatsuzo Harada
Batting: RHB Stephen Wilson 0-0: Foul Ball, location: 2F
0-1: Foul Ball, location: 2F
0-2: Strikes out looking
Batting: SHB Julián Madrid 0-0: Ball
1-0: Fly out, F3 (Popup, 3L)
Batting: RHB Edward Young 0-0: Swinging Strike
0-1: Swinging Strike
0-2: Ball
1-2: Strikes out swinging
Top of the 7th over - 0 run(s), 0 hit(s), 0 error(s), 0 left on base; Los Cabos 2 - Austin 3
BOTTOM OF THE 7TH
Austin River Sharks batting - Pitching for Los Cabos Cartel : RHP Pedro Hernández
Batting: SHB Juan Castro 0-0: Called Strike
0-1: Fly out, F9 (Flyball, 9LM)
Batting: LHB Pedro Zaragoza 0-0: Ball
1-0: Foul Ball, location: 2F
1-1: Swinging Strike
1-2: Ball
2-2: Ball
3-2: Foul Ball, location: 2F
3-2: Base on Balls
Batting: RHB Kenneth Roberts 0-0: Called Strike
0-1: Ball
1-1: Fly out, F8 (Line Drive, 8LXD)
Batting: LHB Harry Pitts 0-0: Ball
1-0: Called Strike
1-1: Called Strike
1-2: Foul Ball, location: 2F
1-2: Ball
2-2: Ball
3-2: Base on Balls
Pedro Zaragoza to second
Batting: RHB Orlando Bruno 0-0: Ball
1-0: Foul Ball, location: 2F
1-1: Called Strike
1-2: Ball
2-2: Strikes out looking
Bottom of the 7th over - 0 run(s), 0 hit(s), 0 error(s), 2 left on base; Los Cabos 2 - Austin 3
TOP OF THE 8TH
Los Cabos Cartel batting - Pitching for Austin River Sharks : RHP Tatsuzo Harada
Pitching: RHP Ramón Estrada
Batting: LHB Willie Wallace 0-0: SINGLE (Groundball, 34D)
Pitching: LHP Jim Sheppard
Batting: LHB Stanley Mullins 0-0: Ball
1-0: Reached on error, E1 (Groundball, 13S)
Willie Wallace to second
Batting: SHB Javier Villegas 0-0: Ball
1-0: Bunted foul
1-1: Sac Bunt - play at first, batter OUT! 1-4
Willie Wallace to third
Stanley Mullins to second
Pinch Hitting: RHB Jesús Hernández 0-0: Called Strike
0-1: Foul Ball, location: 2F
0-2: Strikes out swinging
Pitching: RHP Takahiro Sakei
Pinch Hitting: SHB Rob Grun 0-0: Called Strike
0-1: Foul Ball, location: 2F
0-2: Ball
1-2: Ball
2-2: Foul Ball, location: 2F
2-2: Foul Ball, location: 2F
2-2: Ball
3-2: Foul Ball, location: 2F
3-2: Ground out U3 (Groundball, 34)
Top of the 8th over - 0 run(s), 1 hit(s), 1 error(s), 2 left on base; Los Cabos 2 - Austin 3
BOTTOM OF THE 8TH
Austin River Sharks batting - Pitching for Los Cabos Cartel : RHP Pedro Hernández
Now at SS: Fernando Gálvez
Now in LF: Rob Grun
Batting: RHB Clark Hodge 0-0: Hit by Pitch
Batting: SHB Juan Acevado 0-0: Sac Bunt - play at first, batter OUT! 1-4
Clark Hodge to second
Batting: RHB Eric Neal 0-0: Ground out 5-3 (Groundball, 5)
Batting: RHB Carlos Guzmán 0-0: DOUBLE (Line Drive, 8RXD)
Clark Hodge scores
Batting: SHB Juan Castro 0-0: Ball
1-0: Ball
2-0: Swinging Strike
2-1: 2-RUN HOME RUN (Flyball, 9D), Distance : 398 ft
Pitching: RHP Pierre Deschęnes
Batting: LHB Pedro Zaragoza 0-0: Ball
1-0: Ball
2-0: Ground out 1-3 (Groundball, P)
Bottom of the 8th over - 3 run(s), 2 hit(s), 0 error(s), 0 left on base; Los Cabos 2 - Austin 6
TOP OF THE 9TH
Los Cabos Cartel batting - Pitching for Austin River Sharks : RHP Takahiro Sakei
Batting: LHB José Román 0-0: Called Strike
0-1: Ball
1-1: Ground out 6-3 (Groundball, 6)
Batting: RHB Stephen Wilson 0-0: Ball
1-0: Foul Ball, location: 2F
1-1: Ball
2-1: Foul Ball, location: 2F
2-2: Ground out 3-1 (Groundball, 34S)
Batting: SHB Julián Madrid 0-0: Ball
1-0: Ball
2-0: Called Strike
2-1: Foul Ball, location: 2F
2-2: Foul Ball, location: 2F
2-2: Foul Ball, location: 2F
2-2: Ball
3-2: Foul Ball, location: 2F
3-2: Base on Balls
Batting: RHB Edward Young 0-0: DOUBLE (Line Drive, 7LD)
Julián Madrid to third
Runner from 3rd tries for Home, SAFE, throw made home
Pitching: RHP Josh Graham
Batting: LHB Willie Wallace 0-0: Ball
1-0: Foul Ball, location: 2F
1-1: Foul Ball, location: 2F
1-2: Ball
Balk!
Edward Young to third
2-2: Ball
3-2: DOUBLE (Flyball, 8LXD)
Edward Young scores
Batting: LHB Stanley Mullins 0-0: Called Strike
0-1: Ground out U3 (Groundball, 3)
Top of the 9th over - 2 run(s), 2 hit(s), 0 error(s), 1 left on base; Los Cabos 4 - Austin 6
Thursday, March 30th, 2017 - OOTP Baseball 17.12 Build 75